 Dungeon Crawl Stone Soup version 0.23.1-37-gaa34b87b72 (webtiles) character file.

Game seed: 11908055478062669948

202740 OdinFK the Sorcerer (level 18, -4/91 HPs)
             Began as a Deep Elf Fire Elementalist on Mar 21, 2019.
             Was a High Priest of Vehumet.
             Slain by a tentacle (25 damage)
             ... attached to a kraken
             ... on level 3 of the Shoals on Mar 22, 2019.
             The game lasted 03:17:33 (33069 turns).

OdinFK the Sorcerer (Deep Elf Fire Elementalist)   Turns: 33069, Time: 03:17:34

Health: -4/91      AC: 18    Str:  5    XL:     18   Next: 34%
Magic:  6/54       EV: 18    Int: 31    God:    Vehumet [*****.]
Gold:   2097       SH:  0    Dex: 15    Spells: 10/60 levels left

rFire    + . .     SeeInvis .   a - +9 dagger (freeze)
rCold    + . .     Gourm    .   (no shield)
rNeg     . . .     Faith    .   W - +2 robe {rC+ rF+}
rPois    .         Spirit   .   X - +2 hat
rElec    +         Reflect  .   H - +2 cloak
rCorr    .         Harm     .   U - +2 pair of gloves
MR       ++...                  L - +0 pair of boots
Stlth    ++........             h - amulet of Eneck {rElec Regen+ MP+9 Int+2}
HPRegen  0.65/turn              d - +5 ring of protection
MPRegen  0.34/turn              g - ring of protection from magic

@: no status effects
A: no striking features
a: Renounce Religion


You were on level 3 of the Shoals.
You worshipped Vehumet.
Vehumet was extremely pleased with you.
You were not hungry.

You visited 6 branches of the dungeon, and saw 30 of its levels.
You also visited: Bailey and Ice Cave.

You collected 2721 gold pieces.
You spent 624 gold pieces at shops.

Inventory:

Hand Weapons
 a - a +9 dagger of freezing (weapon)
Armour
 H - a +2 cloak (worn)
 L - a +0 pair of boots (worn)
 U - a +2 pair of gloves (worn)
 W - a +2 robe of resistance (worn)
 X - a +2 hat (worn)
Magical Staves
 s - an uncursed staff of air
Jewellery
 d - a +5 ring of protection (left hand)
 g - a ring of protection from magic (right hand)
 h - the amulet of Eneck (around neck) {rElec Regen+ MP+9 Int+2}
   (You acquired it on level 2 of the Snake Pit)

   [amulet of regeneration]

   It affects your intelligence (+2).
   It insulates you from electricity.
   It affects your magic capacity (+9).
   It increases your rate of regeneration.
 x - an uncursed ring of protection from cold
 E - an uncursed ring of protection from cold
 G - an uncursed ring of flight
 I - an uncursed ring of protection from cold
 M - an uncursed ring of poison resistance
 P - an uncursed ring of protection from fire
Wands
 F - a wand of digging (11)
 K - a wand of scattershot (8)
 N - a wand of clouds (3)
 S - a wand of flame (12)
 T - a wand of acid (21)
Scrolls
 i - 4 scrolls of fog
 j - 4 scrolls of enchant armour
 k - 9 scrolls of teleportation
 l - 2 scrolls of fear {unknown}
 m - 20 scrolls of remove curse
 n - 5 scrolls of blinking
 o - a scroll of enchant weapon
 p - 4 scrolls of magic mapping
 r - a scroll of torment {unknown}
 v - a scroll of acquirement
 y - a scroll of amnesia
 D - 2 scrolls of holy word
 Q - 2 scrolls of silence
 R - 2 scrolls of immolation
 Z - 2 scrolls of summoning {unknown}
Potions
 e - 5 potions of heal wounds
 f - 3 potions of resistance
 q - 2 potions of invisibility
 t - 12 potions of curing
 u - 6 potions of haste
 w - 4 potions of cancellation
 z - 4 potions of magic
 A - 5 potions of ambrosia
 B - 3 potions of brilliance
 J - 3 potions of flight
 O - a potion of agility
Miscellaneous
 b - a lightning rod (4/4)
 C - a phial of floods
Comestibles
 c - 33 rations
 V - 2 chunks of flesh


   Skills:
 + Level 2.6 Fighting
 + Level 2.9 Short Blades
 + Level 8.7 Dodging
 - Level 2.4 Stealth
 + Level 21.9 Spellcasting
 + Level 17.2 Conjurations
 + Level 4.3 Charms
 * Level 18.1 Fire Magic
 + Level 3.2 Ice Magic
 + Level 3.7 Air Magic
 + Level 5.5 Earth Magic
 + Level 4.2 Evocations


You had 10 spell levels left.
You knew the following spells:

 Your Spells              Type           Power        Failure   Level  Hunger
a - Iskenderun's Battles  Conj/Chrm      #######.     1%          5    None
b - Bolt of Cold          Conj/Ice       #######...   1%          6    None
c - Sticky Flame          Conj/Fire      #######.     0%          4    None
d - Fireball              Conj/Fire      #######...   0%          5    None
e - Bolt of Magma         Conj/Fire/Erth #######...   1%          5    None
f - Airstrike             Air            ######....   1%          4    None
g - Bolt of Fire          Conj/Fire      #######...   1%          6    None
h - Ignition              Fire           #######...   1%          8    ####...
i - Blink                 Tloc           N/A          1%          2    None
j - Lightning Bolt        Conj/Air       #######...   1%          5    None

Your spell library contained the following spells:

 Spells                   Type           Power        Failure   Level  Hunger
 Lehudib's Crystal Spear  Conj/Erth      #######...   16%         8    ####...
 Fire Storm               Conj/Fire      #######...   17%         9    ######.
 Tornado                  Air            ######....   100%        9    ######.
 Flame Tongue             Conj/Fire      #####        0%          1    None
 Magic Dart               Conj           ####         0%          1    None
 Shock                    Conj/Air       ####         0%          1    None
 Searing Ray              Conj           ######       0%          2    None
 Throw Flame              Conj/Fire      ######       0%          2    None
 Conjure Flame            Conj/Fire      #######.     0%          3    None
 Iskenderun's Mystic Bla  Conj           #######.     0%          4    None
 Animate Skeleton         Necr           N/A          1%          1    None
 Apportation              Tloc           ####..       1%          1    None
 Confusing Touch          Hex            ####..       1%          1    None
 Sandblast                Erth           ######       1%          1    None
 Summon Small Mammal      Summ           ####         1%          1    None
 Passwall                 Tmut/Erth      ######..     1%          2    None
 Poisonous Vapours        Pois/Air       #####.       1%          2    None
 Shroud of Golubria       Chrm/Tloc      #####.....   1%          2    None
 Swiftness                Chrm/Air       ######..     1%          2    None
 Dazzling Spray           Conj/Hex       ######       1%          3    None
 Ignite Poison            Fire/Tmut/Pois ######..     1%          3    None
 Inner Flame              Hex/Fire       ######..     1%          3    None
 Mephitic Cloud           Conj/Pois/Air  ######..     1%          3    None
 Static Discharge         Conj/Air       #######.     1%          3    None
 Stone Arrow              Conj/Erth      ######       1%          3    None
 Force Lance              Conj/Tloc      ######..     1%          4    None
 Fulminant Prism          Conj/Hex       ######....   1%          4    None
 Lee's Rapid Deconstruct  Erth           ######....   1%          5    None
 Venom Bolt               Conj/Pois      ######....   1%          5    None
 Freezing Cloud           Conj/Ice/Air   ######....   1%          6    None
 Iron Shot                Conj/Erth      #######...   1%          6    None
 Orb of Destruction       Conj           #######...   1%          7    #......
 Confuse                  Hex            ####....     3%          3    None
 Gell's Gravitas          Tloc           ####......   3%          3    None
 Lesser Beckoning         Tloc           ####......   3%          3    None
 Teleport Other           Tloc           ####....     3%          3    None
 Petrify                  Tmut/Erth      ######..     3%          4    None
 Yara's Violent Unravell  Hex/Tmut       ####......   7%          5    None
 Spellforged Servitor     Conj/Summ      ######....   7%          7    #......
 Ring of Flames           Chrm/Fire      #######...   9%          7    #......
 Passage of Golubria      Tloc           N/A          10%         4    None
 Metabolic Englaciation   Hex/Ice        #####.....   14%         5    None


Dungeon Overview and Level Annotations

Branches:
Dungeon (15/15)            Temple (1/1) D:5            Lair (5/6) D:10
 Shoals (3/4) Lair:2        Snake (4/4) Lair:3          Orc (2/2) D:11
    Elf (0/3) Orc:2        Vaults (0/5) D:14
  Slime: Lair:5-6    Depths: D:15

Altars:
Ashenzari
Cheibriados
Dithmenos
Elyvilon
Fedhas
Gozag
Hepliaklqana
Kikubaaqudgha
Makhleb
Nemelex Xobeh
Okawaru
Qazlal
Ru
Sif Muna
Trog
Uskayaw
Vehumet
Wu Jian
Xom
Yredelemnul
Zin
The Shining One
Beogh

Shops:
D:11 (   Orc:2 ([*}   Shoals:2 :   Snake:2 ??

Annotations:
D:7 3 runed translucent doors, Freyura's ghost, novice TrFi
D:8 1 runed translucent door, GGGomer's ghost, novice HOFi
D:10 3 runed translucent doors, Barkas's ghost, novice GrFi
Snake:4 Vashnia


Message History

Casting: Bolt of Fire (safe; 1% risk of failure)
Confirm with . or Enter, or press ? or * to list all spells.
Aiming: Bolt of Fire (safe; 1% risk of failure)
Press: ? - help, Shift-Dir - straight line, f/p - satyr
Aim: a satyr, wielding a +0 longbow (almost dead)
The bolt of fire misses the satyr.
The satyr shoots an arrow.
The arrow hits you!!
* * * LOW HITPOINT WARNING * * *
Casting: Bolt of Fire (safe; 1% risk of failure)
Confirm with . or Enter, or press ? or * to list all spells.
Aiming: Bolt of Fire (safe; 1% risk of failure)
Press: ? - help, Shift-Dir - straight line, f/p - satyr
Aim: a satyr, wielding a +0 longbow (almost dead)
The bolt of fire hits the satyr!!!
You kill the satyr!
Vehumet accepts your kill.
You feel your power returning.
Tentacles burst out of the water! 4 tentacles come into view.
The tentacle barely misses you. The tentacle slaps you!!
You die...

P≈P≈.....###...≈≈≈≈≈≈≈≈
.........# ##..≈≈≈≈≈≈≈≈
......≈).###....≈≈≈≈≈≈≈
......≈.........≈≈≈≈≈≈≈
..>.###.........≈≈≈≈≈≈≈≈
.). ##[.....≈≈≈≈≈.[...
....###....≈≈.≈≈≈≈≈..###
≈.......(..≈≈≈≈≈≈≈..# #
≈P..PP.@##(≈≈≈≈≈≈≈.##
≈PPPP.ww(..≈≈≈≈≈≈≈.#
≈P≈P≈w**w..≈≈≈≈≈≈≈..#
≈≈≈P§≈≈≈≈≈≈≈≈≈≈≈≈≈...
≈P≈≈≈≈≈≈≈≈≈≈≈≈≈≈≈≈≈..
≈≈≈≈≈≈≈X≈≈≈≈≈≈≈≈≈≈
≈≈≈≈≈≈≈≈≈≈≈≈≈≈≈≈≈≈
≈≈≈≈≈≈≈≈≈≈≈≈≈≈≈≈
≈≈≈≈≈≈≈≈≈≈≈≈≈≈≈


You could see a kraken and 4 tentacles.

Vanquished Creatures
  Jorgrun (Shoals:1)
  7 nagarajas
  Nessos (D:14)
  A merfolk javelineer (Shoals:3)
  Josephine (Lair:5)
  4 vault guards (D:14)
  An ogre mage (Orc:1)
  5 hydras
  17 naga warriors
  9 anacondas
  Erica (D:8)
  2 centaur warriors
  A merfolk aquamancer (Shoals:1)
  A satyr (Shoals:3)
  4 merfolk avatars
  2 orc high priests (Orc:2)
  2 tengu warriors (D:13)
  9 two-headed ogres
  3 alligator snapping turtles
  6 shock serpents
  8 naga sharpshooters
  4 salamander mystics
  5 skeletal warriors (D:14)
  4 sea snakes
  2 unseen horrors
  8 harpies (Shoals:3)
  2 necromancers
  7 naga ritualists
  7 orc sorcerers
  2 deep elf magi
  5 mana vipers
  An orc knight (Orc:2)
  2 ugly things (D:11)
  4 fauns (Shoals:2)
  An orb spider (shapeshifter) (D:15)
  11 salamanders
  5 manticores
  A cyclops (D:14)
  29 black mambas
  Psyche (D:11)
  3 ice statues (IceCv)
  5 guardian serpents
  6 elephants (Lair:3)
  A water nymph (Shoals:3)
  2 merfolk sirens
  26 naga magi
  8 spiny frogs
  A centaur zombie (D:11)
  A gargoyle (D:14)
  A rime drake (Lair:4)
  10 komodo dragons
  3 tengu conjurers
  10 ice devils (IceCv)
  11 merfolk
  6 trolls
  2 wind drakes
  2 slime creatures
  18 blink frogs
  Grinder (D:6)
  2 meliai zombies
  2 snapping turtles
  7 hippogriffs
  2 wyverns
  3 shadows
  5 water elementals
  A spriggan (D:7)
  A fire elemental (D:14)
  5 wraiths
  Sigmund (D:3)
  57 yaks
  3 basilisks (Lair:3)
  2 hungry ghosts
  5 wargs
  Menkaure (D:6)
  55 nagas
  An acid dragon (D:14)
  A naga (shapeshifter) (D:13)
  7 water moccasins
  A hell hound (D:14)
  6 sky beasts
  7 porcupines
  25 orc warriors
  A black bear (Lair:3)
  An eye of draining (D:11)
  13 ice beasts
  2 phantoms
  4 necrophages
  29 ogres
  25 centaurs
  10 crocodiles
  7 big kobolds
  18 bullfrogs
  3 gnoll sergeants (D:11)
  A wyvern zombie (D:12)
  4 scorpions
  A water moccasin skeleton (D:9)
  20 wights
  6 howler monkeys
  6 crimson imps
  3 draconian simulacra (IceCv)
  11 jellies
  3 quasits
  3 hounds
  41 orc wizards
  2 gnoll shamans
  5 orc priests
  2 bullfrog skeletons
  3 centaur skeletons
  2 iguanas
  5 worker ants
  2 polar bear simulacra (Lair:4)
  4 troll simulacra (IceCv)
  3 yak simulacra (Lair:4)
  4 wolf simulacra (Lair:4)
  An ogre zombie (Orc:1)
  A centaur simulacrum (IceCv)
  A hound skeleton (D:10)
  33 gnolls
  A howler monkey skeleton (D:5)
  15 adders
  A naga simulacrum (IceCv)
  An ogre simulacrum (IceCv)
  2 shadow imps (D:14)
  An ooze (D:5)
  2 adder skeletons
  2 worms
  5 dart slugs
  4 leopard geckos
  84 orcs
  A ball python (D:6)
  11 giant cockroaches
  8 goblins
  14 hobgoblins
  29 jackals
  4 quokkas
  A ball python skeleton (D:4)
  9 bats
  5 frilled lizards
  23 kobolds
  A leopard gecko skeleton (D:4)
  A quokka zombie (D:8)
  10 rats
  2 river rat simulacra (Lair:4)
  A plant (Shoals:3)
1022 creatures vanquished.

Vanquished Creatures (others)
  4 fungi
  7 plants
  7 toadstools (D:5)
18 creatures vanquished.

Grand Total: 1040 creatures vanquished

Notes
Turn   | Place    | Note
-------+----------+-------------------------------------------
     0 | D:1      | OdinFK the Deep Elf Fire Elementalist began the quest for
                  | the Orb.
     0 | D:1      | Reached XP level 1. HP: 10/10 MP: 6/6
   209 | D:1      | Reached XP level 2. HP: 15/15 MP: 5/8
   213 | D:1      | Learned a level 2 spell: Throw Flame
   706 | D:1      | Reached XP level 3. HP: 19/19 MP: 7/9
  1215 | D:2      | Found an iron altar of Okawaru.
  1219 | D:2      | Reached skill level 4 in Spellcasting
  1314 | D:2      | Reached XP level 4. HP: 24/24 MP: 0/12
  1320 | D:2      | Learned a level 4 spell: Sticky Flame
  1864 | D:3      | Found a stormy altar of Qazlal.
  2073 | D:3      | Reached XP level 5. HP: 28/28 MP: 7/14
  2080 | D:3      | Learned a level 5 spell: Fireball
  2100 | D:3      | Found a basalt altar of Yredelemnul.
  2461 | D:3      | Noticed Sigmund
  2470 | D:3      | Killed Sigmund
  2470 | D:3      | Reached skill level 5 in Spellcasting
  2470 | D:3      | Reached skill level 5 in Fire Magic
  2470 | D:3      | Reached XP level 6. HP: 32/32 MP: 6/16
  3430 | D:4      | Reached skill level 6 in Spellcasting
  3430 | D:4      | Reached XP level 7. HP: 30/36 MP: 8/18
  3922 | D:4      | Reached skill level 1 in Short Blades
  3922 | D:4      | Reached skill level 7 in Spellcasting
  3933 | D:5      | Entered Level 5 of the Dungeon
  4071 | D:5      | Reached XP level 8. HP: 41/41 MP: 8/21
  4093 | D:5      | Reached skill level 5 in Conjurations
  4225 | D:5      | Reached skill level 8 in Spellcasting
  4280 | D:5      | Found a staircase to the Ecumenical Temple.
  4285 | D:5      | Reached skill level 1 in Evocations
  4333 | Temple   | Entered the Ecumenical Temple
  4340 | Temple   | Became a worshipper of Vehumet
  5004 | D:5      | Noticed a slime creature
  5033 | D:5      | Killed a slime creature
  5033 | D:5      | Reached skill level 9 in Spellcasting
  5089 | D:5      | Reached XP level 9. HP: 46/46 MP: 1/24
  5219 | D:5      | Found a hide-covered altar of Uskayaw.
  5219 | D:5      | Found a burning altar of Makhleb.
  5326 | D:6      | Noticed Grinder
  5330 | D:6      | Killed Grinder
  5595 | D:6      | Reached * piety under Vehumet
  5595 | D:6      | Offered knowledge of Freeze by Vehumet.
  5595 | D:6      | Noticed Menkaure
  5622 | D:6      | Killed Menkaure
  5803 | D:6      | Reached skill level 10 in Spellcasting
  6104 | D:7      | Found Zin's Purification Station.
  6130 | D:7      | Reached skill level 5 in Dodging
  6317 | D:7      | Reached skill level 1 in Fighting
  6445 | D:7      | Found a glowing silver altar of Zin.
  6447 | D:7      | Found a runed translucent gate.
  6447 | D:7      | Found a runed translucent gate.
  6447 | D:7      | Found a runed translucent gate.
  6450 | D:7      | Bought a potion of curing for 90 gold pieces
  6451 | D:7      | Found an opulent altar of Gozag.
  6454 | D:7      | Noticed Freyura's ghost (novice TrFi)
  6757 | D:8      | Reached XP level 10. HP: 51/52 MP: 18/26
  6831 | D:8      | Noticed Erica
  6841 | D:8      | Killed Erica
  6841 | D:8      | Reached ** piety under Vehumet
  6841 | D:8      | Reached skill level 11 in Spellcasting
  6915 | D:8      | Found a sparkling altar of Nemelex Xobeh.
  6971 | D:8      | Offered knowledge of Throw Frost by Vehumet.
  6979 | D:8      | Found a runed translucent door.
  6980 | D:8      | Noticed GGGomer's ghost (novice HOFi)
  6981 | D:8      | Identified the cursed +1 trident "Loopy" {elec, rF- Int+4}
  7143 | D:8      | Got an ichor-stained buckler
  7149 | D:8      | Identified the +2 buckler "Puanito" {rCorr Dex+4} (You
                  | found it on level 8 of the Dungeon)
  7181 | D:8      | Found a hazy altar of Hepliaklqana.
  7182 | D:8      | Found a shimmering altar of Xom.
  7630 | D:8      | Found a sacrificial altar of Ru.
  7787 | D:9      | Found an ancient bone altar of Kikubaaqudgha.
  7788 | D:9      | Reached skill level 10 in Fire Magic
  7856 | D:9      | Found a burning altar of Makhleb.
  7938 | D:9      | Noticed a two-headed ogre
  7953 | D:9      | Killed a two-headed ogre
  7953 | D:9      | Reached skill level 12 in Spellcasting
  8024 | D:8      | Offered knowledge of Static Discharge by Vehumet.
  8267 | D:9      | Reached *** piety under Vehumet
  8273 | D:9      | Found a flagged portal.
  8286 | Bailey   | Entered a bailey
  8427 | Bailey   | Offered knowledge of Mephitic Cloud by Vehumet.
  8817 | D:9      | Found a bloodstained altar of Trog.
  9154 | D:10     | Entered Level 10 of the Dungeon
  9258 | D:10     | Found a staircase to the Lair.
  9264 | D:10     | Reached XP level 11. HP: 56/56 MP: 19/29
  9283 | D:10     | Reached **** piety under Vehumet
  9285 | D:10     | Reached skill level 13 in Spellcasting
  9556 | D:10     | Offered knowledge of Bolt of Magma by Vehumet.
  9603 | D:10     | Learned a level 5 spell: Bolt of Magma
  9873 | D:10     | Found a runed translucent gate.
  9873 | D:10     | Found a runed translucent gate.
  9873 | D:10     | Found a runed translucent gate.
  9873 | D:10     | Noticed Barkas's ghost (novice GrFi)
 10269 | D:11     | Noticed Psyche
 10271 | D:11     | Killed Psyche
 10284 | D:11     | Noticed a two-headed ogre
 10293 | D:11     | Killed a two-headed ogre
 10293 | D:11     | Reached skill level 10 in Conjurations
 10369 | D:11     | Noticed a green ugly thing
 10776 | D:11     | Reached skill level 14 in Spellcasting
 10978 | D:11     | Found a staircase to the Orcish Mines.
 11386 | D:11     | Found Guqihara's Antique Weapon Shoppe.
 11560 | D:11     | Noticed a purple ugly thing
 11658 | Lair:1   | Entered Level 1 of the Lair of Beasts
 11731 | Lair:1   | Reached skill level 1 in Earth Magic
 11798 | Lair:1   | Reached XP level 12. HP: 48/61 MP: 7/32
 11826 | Lair:1   | Noticed a six-headed hydra
 12027 | Lair:1   | Killed a six-headed hydra
 12206 | Lair:1   | Reached skill level 15 in Spellcasting
 12238 | Lair:1   | Reached ***** piety under Vehumet
 12762 | Lair:2   | Offered knowledge of Venom Bolt by Vehumet.
 13155 | Lair:2   | Found a staircase to the Shoals.
 13793 | Lair:3   | Reached skill level 16 in Spellcasting
 14243 | Lair:3   | Found a staircase to the Snake Pit.
 14416 | Lair:3   | Reached XP level 13. HP: 55/66 MP: 25/35
 15368 | Lair:4   | Offered knowledge of Airstrike by Vehumet.
 15374 | Lair:4   | Learned a level 4 spell: Airstrike
 15816 | Lair:5   | Reached skill level 17 in Spellcasting
 16094 | Lair:5   | Noticed Josephine
 16097 | Lair:5   | Killed Josephine
 16601 | Orc:1    | Entered Level 1 of the Orcish Mines
 16705 | Orc:1    | Found a roughly hewn altar of Beogh.
 16850 | Orc:2    | Entered Level 2 of the Orcish Mines
 17213 | Orc:2    | Reached skill level 1 in Air Magic
 17660 | Orc:2    | Found a staircase to the Elven Halls.
 17746 | Orc:2    | Offered knowledge of Bolt of Cold by Vehumet.
 17754 | Orc:2    | Learned a level 6 spell: Bolt of Cold
 18424 | Orc:2    | Reached XP level 14. HP: 72/72 MP: 30/37
 18468 | Orc:2    | Found Careocw's Antique Armour Shoppe.
 18468 | Orc:2    | Found Gerhul's Weapon Shop.
 18689 | Orc:2    | Bought a runed hat for 189 gold pieces
 18742 | Orc:2    | Found a roughly hewn altar of Beogh.
 18789 | Orc:2    | Learned a level 6 spell: Bolt of Fire
 18798 | Orc:2    | Learned a level 8 spell: Ignition
 18801 | Orc:2    | Learned a level 2 spell: Blink
 18810 | Orc:2    | Found Opofoc's Gadget Shoppe.
 18810 | Orc:2    | Found Irchacun's Assorted Antiques.
 18824 | Orc:2    | Bought a scroll labeled CIBUM CITT for 27 gold pieces
 18824 | Orc:2    | Bought a scroll labeled SOSAGR VIVOENE for 27 gold pieces
 19248 | Orc:1    | Offered knowledge of Lightning Bolt by Vehumet.
 19265 | Orc:1    | Learned a level 5 spell: Lightning Bolt
 19408 | Orc:1    | Reached skill level 18 in Spellcasting
 20289 | D:12     | You fall through a shaft for 2 floors!
 20563 | D:14     | Noticed Nessos
 20565 | D:14     | Killed Nessos
 21647 | D:13     | Found a frozen archway.
 21657 | IceCv    | Entered an ice cave
 21883 | IceCv    | Reached skill level 15 in Fire Magic
 21926 | IceCv    | Offered knowledge of Ozocubu's Refrigeration by Vehumet.
 22887 | D:14     | Reached skill level 19 in Spellcasting
 22991 | D:14     | Reached XP level 15. HP: 76/76 MP: 30/40
 23025 | D:14     | Found a shadowy altar of Dithmenos.
 23232 | D:14     | Found a gate to the Vaults.
 23546 | D:15     | Entered Level 15 of the Dungeon
 24038 | Shoals:1 | Entered Level 1 of the Shoals
 24038 | Shoals:1 | Noticed Jorgrun
 24042 | Shoals:1 | Killed Jorgrun
 24106 | Snake:1  | Entered Level 1 of the Snake Pit
 24697 | Snake:1  | Reached skill level 15 in Conjurations
 24917 | Snake:1  | Learned a level 5 spell: Iskenderun's Battlesphere
 25312 | Snake:1  | Reached ****** piety under Vehumet
 25671 | Snake:1  | Offered knowledge of Conjure Ball Lightning by Vehumet.
 25671 | Snake:1  | Reached skill level 20 in Spellcasting
 26337 | Snake:2  | Found Tihyfaunt's Magic Scroll Shop.
 26345 | Snake:2  | Reached skill level 1 in Charms
 26467 | Snake:2  | Bought a scroll of vulnerability for 112 gold pieces
 26467 | Snake:2  | Found Mesakk Meum's Magic Scroll Boutique.
 26476 | Snake:2  | Bought a scroll of random uselessness for 17 gold pieces
 26479 | Snake:2  | Bought a scroll of identify for 34 gold pieces
 26479 | Snake:2  | Bought a scroll of identify for 34 gold pieces
 26479 | Snake:2  | Bought a scroll of identify for 34 gold pieces
 26495 | Snake:2  | Bought a scroll of identify for 30 gold pieces
 26495 | Snake:2  | Bought a scroll of identify for 30 gold pieces
 26495 | Snake:2  | Identified 3 scrolls of acquirement
 26609 | Snake:2  | Noticed a nagaraja
 26613 | Snake:2  | Killed a nagaraja
 26808 | Snake:2  | Got a brightly glowing sapphire amulet
 26809 | Snake:2  | Identified the amulet of Eneck {rElec Regen+ MP+9 Int+2}
                  | (You acquired it on level 2 of the Snake Pit)
 27338 | Snake:2  | Noticed a nagaraja
 27341 | Snake:2  | Killed a nagaraja
 27694 | Snake:3  | Reached XP level 16. HP: 78/81 MP: 41/42
 27701 | Snake:3  | Reached skill level 1 in Ice Magic
 29005 | Snake:4  | Entered Level 4 of the Snake Pit
 29123 | Snake:4  | Offered knowledge of Poison Arrow by Vehumet.
 29625 | Snake:4  | Reached skill level 21 in Spellcasting
 30852 | Snake:4  | Noticed Vashnia
 31059 | Snake:4  | Reached XP level 17. HP: 39/86 MP: 29/44
 31154 | Lair:3   | Reached skill level 5 in Earth Magic
 31154 | Lair:3   | Reached XP level 18. HP: 81/91 MP: 45/45
 31235 | Shoals:1 | Offered knowledge of Lehudib's Crystal Spear by Vehumet.
 31235 | Shoals:1 | Offered knowledge of Fire Storm by Vehumet.
 31235 | Shoals:1 | Offered knowledge of Tornado by Vehumet.
 31869 | Shoals:2 | Found Xounox's Book Emporium.
 33069 | Shoals:3 | Slain by a tentacle

Skill      XL: |  1  2  3  4  5  6  7  8  9 10 11 12 13 14 15 16 17 18 |
---------------+-------------------------------------------------------+-----
Fire Magic     | 4 5 6 7 9 10 11 12 13 15 16 17 18 | 18.1
Spellcasting   | 4 5 6 7 9 10 12 14 16 17 19 20 21 | 21.9
Dodging        | 3 4 5 6 7 8 |  8.7
Conjurations   | 2 3 4 6 7 9 11 12 13 14 15 16 17 | 17.2
Short Blades   | 1 2 |  2.9
Evocations     | 2 3 4 |  4.2
Fighting       | 1 2 |  2.6
Earth Magic    | 1 2 3 4 5 |  5.5
Air Magic      | 2 3 |  3.7
Charms         | 2 3 4 |  4.3
Ice Magic      | 1 3 |  3.2
Stealth        | |  2.4

Action                   |  1- 3 |  4- 6 |  7- 9 | 10-12 | 13-15 | 16-18 || total
-------------------------+-------+-------+-------+-------+-------+-------++-------
Melee: Dagger            |    39 |    56 |   122 |    79 |   220 |       ||   516
 Cast: Flame Tongue      |    73 |    49 |   105 |   316 |   177 |       ||   720
       Throw Flame       |     6 |    34 |    41 |    73 |     8 |       ||   162
       Sticky Flame      |       |     6 |    23 |    78 |    89 |     6 ||   202
       Fireball          |       |     2 |    14 |    60 |    92 |    33 ||   201
       Bolt of Magma     |       |       |       |    33 |    73 |    13 ||   119
       Airstrike         |       |       |       |       |    21 |     4 ||    25
       Bolt of Fire      |       |       |       |       |   192 |   198 ||   390
       Ignition          |       |       |       |       |     4 |     2 ||     6
       Iskenderun's Batt |       |       |       |       |    16 |    43 ||    59
       Bolt of Cold      |       |       |       |       |     6 |    16 ||    22
       Lightning Bolt    |       |       |       |       |     1 |       ||     1
Evoke: Lightning rod     |       |       |     3 |       |       |       ||     3
       Wand              |       |       |       |       |     5 |       ||     5
  Use: Scroll            |       |       |     7 |     5 |    22 |     4 ||    38
       Potion            |       |       |       |     3 |     7 |     1 ||    11
 Stab: Sleeping          |     5 |     2 |     1 |     2 |     5 |       ||    15
  Eat: Chunk             |     2 |     8 |    11 |    26 |    32 |    11 ||    90
       Ration            |       |       |     1 |     1 |     5 |     2 ||     9
Armor: Robe              |    31 |    29 |    77 |    65 |   126 |    18 ||   346
Dodge: Dodged            |    69 |    47 |   175 |   218 |   325 |    41 ||   875
